 Dungeon Crawl Stone Soup version 0.14-a0-3520-g290746a (webtiles) character file.

144 KaKa the Ruinous (level 3, -2/19 HPs)
             Began as a Kobold Conjurer on Mar 27, 2014.
             Was an Initiate of Vehumet.
             Killed from afar by KaKa's ghost (4 damage)
             ... with a magic dart
             ... on Level 3 of the Dungeon.
             The game lasted 00:06:57 (2133 turns).

KaKa the Ruinous (Kobold Conjurer)                  Turns: 2133, Time: 00:06:57

HP  -2/19        AC  3     Str  7      XL: 3   Next: 82%
MP   3/6         EV 15     Int 14      God: Vehumet [......]
Gold 101         SH  0     Dex 15      Spells:  2 memorised,  3 levels left

rFire  . . .     SeeInvis .     d - +0 whip
rCold  . . .     Clarity  .     a - +0 robe
rNeg   . . .     Conserve .     (no shield)
rPois  .         rCorr    .     (no helmet)
rElec  .         rRot     .     i - +0 cloak (curse)
SustAb . .       Spirit   .     (no gloves)
rMut   .         Warding  .     (no boots)
Saprov + + .     Stasis   .     (no amulet)
MR     .....                    (no ring)
                                (no ring)

@: not resistant to hostile enchantments, stealthy
A: disease resistance, carnivore 3, saprovore 2
a: Renounce Religion


You were on level 3 of the Dungeon.
You worshipped Vehumet.
Vehumet was noncommittal.
You were completely stuffed.

You visited 1 branch of the dungeon, and saw 3 of its levels.

You collected 101 gold pieces.

Inventory:

Hand weapons
 d - a +0,+0 whip (weapon)
Missiles
 g - 13 poisoned needles
Armour
 a - a +0 robe (worn)
 i - a cursed +0 cloak (worn)
Comestibles
 b - a meat ration
 q - a rotting chunk of hobgoblin flesh
 s - a chunk of bat flesh
Scrolls
 e - 6 scrolls of remove curse {unknown}
 h - a scroll of random uselessness {unknown}
 j - 2 scrolls of identify {unknown}
 k - 2 scrolls of amnesia {unknown}
 m - 2 scrolls of teleportation {unknown}
 n - a scroll of immolation {unknown}
 p - a scroll of enchant weapon II {unknown}
 r - a scroll of magic mapping {unknown}
Potions
 f - 3 potions of heal wounds {unknown}
 l - a potion of resistance {unknown}
 o - a potion of might {unknown}
Books
 c - a book of Conjurations

   Spells                             Type                      Level
   *Magic Dart                        Conjuration                  1
   *Searing Ray                       Conjuration                  2
   Dazzling Spray                     Conjuration/Hexes            3
   Fulminant Prism                    Conjuration/Hexes            4
   Iskenderun's Mystic Blast          Conjuration                  4
   Iskenderun's Battlesphere          Conjuration/Charms           5


   Skills:
 - Level 2.4 Dodging
 - Level 2.6 Stealth
 - Level 2.0 Spellcasting
 + Level 4.7 Conjurations


You had 3 spell levels left.
You knew the following spells:

 Your Spells              Type           Power        Failure   Level  Hunger
a - Magic Dart            Conj           ##..         3%          1    ##.....
b - Searing Ray           Conj           ##....       6%          2    ###....


Dungeon Overview and Level Annotations

Branches:
Dungeon (3/15)

Altars:
Kikubaaqudgha
Makhleb
Vehumet

Annotations:
D:3 KaKa's ghost, average KoCj


Innate Abilities, Weirdness & Mutations

You recuperate from illness quickly.
You are small and have problems with some larger weapons.
You are carnivorous and can eat meat at any time.
You can eat rotten meat.


Message History

Casting: Magic Dart
Confirm with . or Enter, or press ? or * to list all spells.
Aiming: Magic Dart
Press: ? - help, Shift-Dir - straight line, f/p - KaKa's ghost
Aim: KaKa's ghost (lightly damaged)
The magic dart hits KaKa's ghost.
KaKa's ghost is lightly damaged.
Casting: Magic Dart
Confirm with . or Enter, or press ? or * to list all spells.
Aiming: Magic Dart
Press: ? - help, Shift-Dir - straight line, f/p - KaKa's ghost
Aim: KaKa's ghost (lightly damaged)
The magic dart hits KaKa's ghost.
KaKa's ghost is lightly damaged.
KaKa's ghost casts a spell at you. The magic dart hits you!
* * * LOW HITPOINT WARNING * * *
KaKa's ghost casts a spell at you. The magic dart hits you!
You die...

#............
#...##.######
######...##.##
#..%...........
#.#####.##...#
#.# #......#
#.# #.......
#.# #.......
#@# #.###.. #.#
#.# #.# . #.#
#.# #.# ..# ..#
..p


You could see KaKa's ghost.

Vanquished Creatures
  2 giant geckos
  3 giant cockroaches
  2 goblins (D:2)
  8 hobgoblins
  2 jackals (D:3)
  4 kobolds
  10 bats
  5 rats
36 creatures vanquished.

Notes
Turn   | Place    | Note
--------------------------------------------------------------
     0 | D:1      | KaKa, the Kobold Conjurer, began the quest for the Orb.
     0 | D:1      | Reached XP level 1. HP: 10/10 MP: 3/3
   158 | D:1      | Reached skill level 4 in Conjurations
   158 | D:1      | Reached XP level 2. HP: 13/15 MP: 0/4
   311 | D:1      | Learned a level 2 spell: Searing Ray
   869 | D:2      | Found an ancient bone altar of Kikubaaqudgha.
   869 | D:2      | Found a radiant altar of Vehumet.
   869 | D:2      | Found a burning altar of Makhleb.
   900 | D:2      | Became a worshipper of Vehumet
  1112 | D:2      | Reached XP level 3. HP: 19/19 MP: 1/6
  2129 | D:3      | Noticed KaKa's ghost (average KoCj)
  2133 | D:3      | Killed from afar by KaKa's ghost

Action                   || total
-------------------------++-------
Melee: Club              ||     2
       Whip              ||    14
 Cast: Magic Dart        ||    81
